AoeStats
← [WKT] Conqu33ftador

Arabia

507773223Analyzed
3v3 RM · 12d ago on Sep 19, 2026· 95m 21s· 6 players
Game mode
Random Map
Map size
Normal (6 player)
Population
200
Speed
Normal
Resources
Standard
Victory
Conquest
Starting age
Dark Age
Ending age
Imperial Age
RankedLock teamsTeams togetherTeam positionsShared explorationLock speedFull tech treeHidden civsTurbo modeCheats
Victory
Defeat
🇲🇽 Slavs · Mexico
1213
+14
🇺🇸 Franks · United States
1198
+15
🇲🇽 Georgians · Mexico
1011
+53
🇺🇸 Hindustanis · United States
1176
-18
🇫🇷 Lithuanians · France
1176
-18
🇩🇪 Ethiopians · Germany
1142
-16
_MZTK_SIRO_
6:12 Loom
9:16 Feudal Age
9:58 Double-Bit Axe
15:40 Horse Collar
21:34 Castle Age
20:23 Gold Mining
21:08 Scale Barding Armor
21:14 Forging
21:47 Bloodlines
23:24 Wheelbarrow
27:11 Stone Mining
27:32 Bow Saw
28:35 Town Watch
37:33 Chain Barding Armor
43:01 Iron Casting
44:03 Scale Mail Armor
44:10 Pikeman
44:50 Squires
44:36 Arson
53:01 Chain Mail Armor
66:56 Town Patrol
67:12 Hand Cart
94:02 Light Cavalry
MrskullSoul
3:29 Loom
11:12 Feudal Age
14:21 Town Watch
15:42 Double-Bit Axe
22:08 Castle Age
21:07 Gold Mining
22:02 Scale Barding Armor
22:08 Forging
23:09 Chain Barding Armor
22:53 Husbandry
23:13 Bow Saw
26:33 Iron Casting
26:51 Wheelbarrow
30:16 Scale Mail Armor
30:18 Squires
30:04 Arson
30:44 Stone Mining
32:40 Chain Mail Armor
31:48 Pikeman
37:55 Imperial Age
36:27 Hand Cart
38:06 Gold Shaft Mining
39:05 #83
39:09 Conscription
39:01 Chivalry
38:24 Cavalier
39:50 Paladin
42:08 Plate Barding Armor
42:46 Blast Furnace
44:08 Fletching
44:18 Padded Archer Armor
44:50 Plate Mail Armor
46:26 Bodkin Arrow
46:46 Leather Archer Armor
46:05 Halberdier
50:19 Chemistry
49:39 Ballistics
62:17 Coinage
61:47 Caravan
63:16 Hoardings
62:56 Masonry
62:51 Siege Engineers
62:41 Murder Holes
69:04 Banking
70:41 Architecture
70:22 Fortified Wall
75:32 Light Cavalry
90:38 Capped Ram
_MZTK_Deft
2:42 Loom
10:16 Feudal Age
11:21 Double-Bit Axe
11:18 Horse Collar
17:08 Fletching
18:56 Padded Archer Armor
19:28 Gold Mining
20:37 Wheelbarrow
24:35 Castle Age
24:21 Scale Barding Armor
25:03 Pikeman
25:44 Squires
27:34 Bow Saw
26:49 Elite Skirmisher
31:43 Scale Mail Armor
33:31 Leather Archer Armor
35:34 Bodkin Arrow
40:05 Imperial Age
37:26 Man-at-Arms
39:11 Chain Mail Armor
39:06 Forging
38:27 Long Swordsman
40:43 Detinets
40:08 Capped Ram
40:10 Two-Handed Swordsman
40:13 Halberdier
41:17 Conscription
41:46 Plate Mail Armor
42:24 Champion
44:36 Chain Barding Armor
44:50 Ring Archer Armor
47:28 Chemistry
49:04 Iron Casting
52:44 Onager
52:45 Siege Ram
56:13 Blast Furnace
56:58 Chain Barding Armor
60:44 Plate Barding Armor
61:20 Bloodlines
61:11 Husbandry
60:31 Light Cavalry
70:03 Caravan
70:34 Coinage
74:16 Two-Man Saw
74:37 Druzhina
[WKT] Conqu33ftador
7:08 Loom
9:51 Feudal Age
12:45 Double-Bit Axe
15:40 Fletching
23:51 Horse Collar
28:19 Castle Age
27:00 Gold Mining
28:53 Crossbowman
29:40 Thumb Ring
30:10 Bodkin Arrow
30:22 Padded Archer Armor
34:17 Bow Saw
35:24 Ballistics
39:02 Wheelbarrow
43:42 Imperial Age
42:38 Husbandry
42:45 Husbandry
43:12 Scale Barding Armor
43:47 Arbalester
51:09 Cavalier
56:16 Bracer
63:09 Chemistry
64:38 Hand Cart
64:12 Town Watch
66:38 Caravan
67:48 Stone Mining
70:04 Light Cavalry
71:17 Forging
71:28 Chain Barding Armor
71:31 Hussar
72:49 Iron Casting
84:29 Blast Furnace
[WKT] Olam
6:02 Loom
8:31 Feudal Age
10:29 Double-Bit Axe
10:24 Horse Collar
22:07 Castle Age
21:33 Horse Collar
22:35 Scale Barding Armor
22:46 Forging
22:50 Bloodlines
23:23 Husbandry
23:47 Chain Barding Armor
25:25 Iron Casting
27:00 Fletching
27:49 Wheelbarrow
37:53 Bow Saw
42:24 Imperial Age
41:08 Heavy Plow
42:38 Bodkin Arrow
44:32 Plate Barding Armor
47:34 Cavalier
51:58 Paladin
54:00 Ballistics
54:42 Chemistry
53:38 Murder Holes
54:16 Bracer
54:40 Caravan
56:12 Padded Archer Armor
55:48 Light Cavalry
57:02 Padded Archer Armor
59:33 Masonry
59:05 Elite Skirmisher
72:33 Winged Hussar
78:12 Leather Archer Armor
[WKT] Pastisor
9:35 Loom
11:20 Feudal Age
16:37 Castle Age
16:44 Scale Barding Armor
16:53 Bloodlines
18:24 Forging
18:06 Double-Bit Axe
18:02 Horse Collar
21:30 Town Watch
22:23 Wheelbarrow
23:20 Chain Barding Armor
25:29 Husbandry
27:06 Heavy Plow
27:16 Bow Saw
26:57 Gold Mining
30:13 Iron Casting
32:02 Hand Cart
37:59 Imperial Age
37:31 Ballistics
38:02 Heavy Camel Rider
39:20 Plate Barding Armor
39:46 Blast Furnace
40:31 Imperial Camel Rider
44:40 Caravan
45:55 Coinage
47:36 Banking
53:13 Chemistry
52:25 Masonry
52:38 Conscription
52:20 Shatagni
52:42 Conscription
58:05 Siege Elephant
62:11 Siege Engineers
62:17 Fortified Wall
73:52 Fletching
82:19 Elite Skirmisher
83:24 Padded Archer Armor
83:20 Bodkin Arrow
85:01 Leather Archer Armor
84:47 Bracer
88:51 Pikeman
89:32 Squires
89:17 Arson
89:33 Scale Mail Armor
90:04 Ring Archer Armor
92:09 Chain Mail Armor
Connection lost

Rejoining the realm…

Still unreachable

The connection could not be restored.

Session expired

The server has moved on; the page needs a fresh start.